 Dungeon Crawl Stone Soup version 0.23-a0-448-g1c01f63 (webtiles) character file.

80 galech the Skirmisher (level 4, 21/35 HPs)
             Began as a Demonspawn Fighter on Nov 19, 2018.
             Quit the game on level 2 of the Dungeon.
             The game lasted 00:00:58 (746 turns).

galech the Skirmisher (Demonspawn Fighter)           Turns: 746, Time: 00:00:59

Health: 21/35      AC:  7    Str: 16    XL:     4   Next: 18%
Magic:  13/13      EV:  7    Int:  9    God:
Gold:   59         SH:  9    Dex: 14    Spells: 3/3 levels left

rFire    . . .     SeeInvis .   a - +0 war axe
rCold    . . .     Gourm    .   c - +0 shield
rNeg     . . .     Faith    .   b - +0 scale mail
rPois    .         Spirit   .   (no helmet)
rElec    .         Reflect  .   (no cloak)
rCorr    .         Harm     .   k - +0 pair of gloves
MR       .....                  (no boots)
Stlth    ..........             (no amulet)
HPRegen  0.11/turn              j - ring of magical power
MPRegen  0.13/turn              (no ring)

@: no status effects
A: claws 1, hooves 1, spiny 1
a: no special abilities


You were on level 2 of the Dungeon.
You were not hungry.

You visited 1 branch of the dungeon, and saw 2 of its levels.

You collected 59 gold pieces.

Inventory:

Hand Weapons
 a - a +0 war axe (weapon)
Armour
 b - a +0 scale mail (worn)
 c - a +0 shield (worn)
 k - a +0 pair of gloves (worn)
Jewellery
 j - a ring of magical power (left hand)
Scrolls
 e - a scroll of identify {unknown}
 h - a scroll of immolation {unknown}
 i - a scroll of magic mapping {unknown}
 l - 2 scrolls of teleportation {unknown}
Potions
 d - 2 potions of might
 g - a potion of curing {unknown}
 m - a potion of cancellation {unknown}
Comestibles
 f - a ration
 n - 2 chunks of flesh


   Skills:
 + Level 3.4 Fighting
 + Level 2.8 Axes
 + Level 3.0 Armour
 + Level 0.4 Dodging
 + Level 3.2 Shields


You had 3 spell levels left.
You didn't know any spells.
Your spell library was empty.

Dungeon Overview and Level Annotations

Branches:
Dungeon (2/15)

Altars:


Innate Abilities, Weirdness & Mutations

You have sharp fingernails.
You have large cloven feet.
You are partially covered in sharp spines.


Message History

Your fingernails lengthen.
You miss something. Something hits you.
You barely miss something.
You hear some strange, mumbled words.
A puff of flame appears from out of thin air!
The puff of flame hits you! Something hits you but does no damage.
You slash something!
Reactivating autopickup.
You have reached level 4!
You feel agile.
Your demonic ancestry asserts itself...
Your feet thicken and deform.
You feel a bit more experienced.
Things that are here:
a +0 dagger; a +0 robe; an orc corpse You butcher the orc corpse.
n - 2 chunks of flesh (gained 1)
Things that are here:
a +0 dagger; a +0 robe; an orc skeleton Unknown command.
Are you sure you want to abandon this character and quit the game? (Confirm

####### ...... ..... #...#
##### #...########...
#...##........###+ ##
#@).##............ ..
#)).##....<....... #.
#...##............
###..###...########'#....
...........##......รท#.##.
...........##.......#.##.
.#######.#.##.......#.##.
+..(...............#.##.
#######.#.#####..#.#.##.


There were no monsters in sight!

Vanquished Creatures
  An orc priest (D:2)
  An orc wizard (D:2)
  A dart slug (D:1)
  2 orcs (D:2)
  2 bats (D:1)
  5 hobgoblins (D:1)
  2 jackals (D:1)
  4 frilled lizards
  4 kobolds (D:1)
22 creatures vanquished.

Notes
Turn   | Place    | Note
-------+----------+-------------------------------------------
     0 | D:1      | galech the Demonspawn Fighter began the quest for the Orb.
     0 | D:1      | Reached XP level 1. HP: 18/18 MP: 1/1
   220 | D:1      | Gained mutation: You are partially covered in sharp spines.
                  | [demonic ancestry]
   220 | D:1      | Reached XP level 2. HP: 24/24 MP: 2/2
   740 | D:2      | Gained mutation: You have sharp fingernails. [demonic
                  | ancestry]
   740 | D:2      | Reached XP level 3. HP: 18/29 MP: 3/3
   742 | D:2      | Gained mutation: You have large cloven feet. [demonic
                  | ancestry]
   742 | D:2      | Reached XP level 4. HP: 20/35 MP: 4/4
   746 | D:2      | Quit the game

Vault maps used:
D:1:      dpeg_arrival_another_circle
D:2:      lemuel_statue_altar

Skill      XL: |  1  2 |
---------------+-------+-----
Shields        | 3 |  3.2
Axes           | 2 |  2.8
Armour         | 3 |  3.0
Fighting       | |  3.4
Dodging        | |  0.4

Action                   |  1- 3 |  4- 6 || total
-------------------------+-------+-------++-------
Melee: War axe           |    59 |       ||    59
Armor: Scale mail        |    25 |       ||    25
Dodge: Dodged            |    11 |       ||    11
Block: Shield            |    34 |       ||    34

Table legend:
 A = Non-vault XP
 B = Vault XP
 C = Vault XP percentage of total XP
 D = Non-vault monster count
 E = Vault monster count
 F = Vault count percentage of total count
                 A         B        C        D         E       F
            +---------+---------+-------+---------+---------+-------
      Total |     115 |       0 |   0.0 |      22 |       0 |   0.0
            +---------+---------+-------+---------+---------+-------
        D:1 |      28 |       0 |   0.0 |      16 |       0 |   0.0
        D:2 |      87 |       0 |   0.0 |       6 |       0 |   0.0
            +---------+---------+-------+---------+---------+-------
